 Dungeon Crawl Stone Soup version 0.27.1-33-g824d729ab1 (webtiles) character file.

Game seed: 15220156006925140676

9 Descartes the Grasshopper (level 2, 0/13 HPs)
             Began as a Felid Warper on Dec 21, 2021.
             Frozen to death by an endoplasm (1 damage)
             ... on level 1 of the Dungeon.
             The game lasted 00:00:39 (151 turns).

Descartes the Grasshopper (Felid Warper)             Turns: 151, Time: 00:00:40

Health: 0/13       AC:  1    Str:  7    XL:     2   Next: 3%
Magic:  6/6        EV: 18    Int: 14    God:
Gold:   0          SH:  0    Dex: 15    Spells: 5/5 levels left
                                        Lives:  0   Deaths: 0

rFire    . . .     SeeInvis +     - Unarmed
rCold    . . .     Faith    .   (shield unavailable)
rNeg     . . .     Spirit   .   (armour unavailable)
rPois    .         Reflect  .   (helmet unavailable)
rElec    .         Harm     .   (cloak unavailable)
rCorr    .         Rampage  .   (gloves unavailable)
Will     .....                  (boots unavailable)
Stlth    ++........             (no amulet)
HPRegen  0.04/turn              (no ring)
MPRegen  0.10/turn              (no ring)

@: quick
A: very small, claws 1, fangs 3, see invisible, speed 1, shaggy fur 1, stealthy
paws, no weapons or thrown items, no armour, multi-lived
a: no special abilities


You were on level 1 of the Dungeon.
You visited 1 branch of the dungeon, and saw 1 of its levels.

Inventory:

Scrolls
 a - a scroll of blinking


   Skills:
 - Level 2.0 Fighting
 + Level 3.5 Dodging
 + Level 1.3 Stealth
 + Level 2.2 Unarmed Combat
 - Level 2.0 Spellcasting
 - Level 4.4 Translocations


You had 5 spell levels left.
You didn't know any spells.
Your spell library contained the following spells:

 Spells                   Type           Power      Damage    Failure   Level
 Blink                    Tloc           N/A        N/A       6%          2
 Gell's Gravitas          Tloc           6%         N/A       12%         3
 Lesser Beckoning         Tloc           6%         N/A       12%         3
 Teleport Other           Tloc           13%        N/A       12%         3
 Manifold Assault         Tloc           13%        N/A       73%         5


Dungeon Overview and Level Annotations

Branches:
Dungeon (1/15)

Altars:


Innate Abilities, Weirdness & Mutations

You have sharp claws.
You have razor-sharp teeth.
You have supernaturally acute eyesight. (SInv)
You cover ground quickly. (Speed+)
You are covered in fur. (AC +1)
Your paws help you pounce on unaware monsters.
You are incapable of wielding weapons or throwing items.
You cannot wear armour.
You gain extra lives every three experience levels.


Message History

The ball python is heavily wounded.
The ball python completely misses you. The ball python constricts you.
The hobgoblin closely misses you.
The endoplasm quivers.
You scratch the ball python. Your bite misses the ball python.
The ball python is severely wounded.
The ball python misses you. The ball python constricts you.
The hobgoblin hits you.
You scratch the ball python.
You kill the ball python!
The kobold throws a stone.
The stone misses you.
The stone hits the hobgoblin.
The hobgoblin hits you.
You have reached level 2!
You scratch the hobgoblin.
You kill the hobgoblin!
The kobold throws a stone.
The stone misses you.
You scratch the kobold.
The kobold is severely wounded.
The kobold misses you.
You closely miss the kobold.
The kobold is severely wounded.
The endoplasm freezes you.
You are frozen.
The kobold misses you.
You scratch the kobold but do no damage.
The kobold is severely wounded.
The endoplasm closely misses you.
The kobold hits you with a +1 short sword of holy wrath.
* * * LOW HITPOINT WARNING * * *
You completely miss the kobold.
The kobold is severely wounded.
The endoplasm closely misses you. The kobold completely misses you.
You aren't carrying any potions.
You scratch the endoplasm.
The endoplasm is moderately wounded.
The endoplasm barely misses you.
You scratch the endoplasm.
The endoplasm is severely wounded.
The endoplasm freezes you.
You are frozen.
You die...

##'##♣≈.....≈♣ #+#
#8.8##♣##+##♣#
#...###8#+#8###
#...'.........+
#...##8##.##8##
#..8#≈♣≈#'#
######♣##'##♣######
≈≈≈≈≈≈≈.≈≈≈≈≈≈≈≈≈
.......KJ@)......
#....######......
..... #..## ...J .#
#.. ...


You could see an endoplasm and a kobold.

Vanquished Creatures
  An adder zombie (D:1)
  A ball python (D:1)
  A goblin (D:1)
  A hobgoblin (D:1)
  A kobold (D:1)
  A quokka zombie (D:1)
6 creatures vanquished.

Notes
Turn   | Place    | Note
-------+----------+-------------------------------------------
     0 | D:1      | Descartes the Felid Warper began the quest for the Orb.
     0 | D:1      | Reached XP level 1. HP: 9/9 MP: 4/4
   138 | D:1      | Reached skill level 1 in Stealth
   143 | D:1      | Reached XP level 2. HP: 10/13 MP: 6/6
   151 | D:1      | Frozen to death by an endoplasm

Illustrated notes

Levels and vault maps discovered:
D:1:      saegor_arrival_fortress, layout_basic

Skill      XL: |  1 |
---------------+----+-----
Stealth        | 1 |  1.3
Fighting       | |  2.0
Dodging        | |  3.5
Unarmed Combat | |  2.2
Spellcasting   | |  2.0
Translocations | |  4.4

Action                   || total
-------------------------++-------
Melee: Unarmed           ||    26
 Stab: Sleeping          ||     1
Armor: Skin              ||     1
Dodge: Dodged            ||    25
